 Dungeon Crawl Stone Soup version 0.31.0-11-ge490571c62 (webtiles) character file.

Game seed: 16774124973700405561

73 qw the Shooter (level 4, -5/25 HPs)
             Began as a Deep Elf Hunter on Feb 3, 2024.
             Slain by Sigmund
             ... wielding a +0 scythe
              (11 damage)
             ... on level 2 of the Dungeon.
             The game lasted 00:00:03 (981 turns).

qw the Shooter (Deep Elf Hunter)                     Turns: 981, Time: 00:00:04

Health: -5/25      AC:  3    Str: 10    XL:     4   Next: 8%
Magic:  6/6        EV: 12    Int: 14    God:
Gold:   33         SH:  0    Dex: 18    Spells: 3/3 levels left

rFire   . . .        a - +0 shortbow
rCold   . . .        (shield currently unavailable)
rNeg    . . .        c - +0 leather armour
rPois   .            (no helmet)
rElec   .            (no cloak)
rCorr   .            (no gloves)
SInv    .            (no boots)
Will    .....        (no amulet)
Stlth   ++           (no ring)
HPRegen 0.24/turn    (no ring)
MPRegen 0.10/turn

%: no passive effects
@: no status effects
A: no striking features
a: no special abilities


You were on level 2 of the Dungeon.
You visited 1 branch of the dungeon, and saw 2 of its levels.

You collected 33 gold pieces.


   Skills:
 - Level 1.5 Fighting
 + Level 7.5 Ranged Weapons
 - Level 2.4 Dodging
 - Level 1.2 Stealth


You had 3 spell levels left.
You didn't know any spells.
Your spell library was empty.

Inventory:

Hand Weapons
 a - a +0 shortbow (weapon)
Armour
 c - a +0 leather armour (worn)
Jewellery
 f - a ring of see invisible
Scrolls
 d - a scroll of teleportation {unknown}
 e - a scroll of poison {unknown}
Potions
 b - a potion of ambrosia {unknown}
 h - 2 potions of might

Dungeon Overview and Level Annotations

Branches:
Dungeon (2/15)

Altars:

Annotations:
D:2 Sigmund


Message History

Enter note: You shoot an arrow.
The arrow closely misses the gnoll.
You hear a shout!
You shoot an arrow. The arrow hits the gnoll.
The gnoll is moderately wounded.
A gnoll comes into view. It is wielding a +0 club.
You shoot an arrow. The gnoll shouts!
The arrow hits the gnoll!
The gnoll is almost dead.
You shoot an arrow.
The arrow hits the gnoll but does no damage.
The gnoll is almost dead.
Sigmund mumbles some strange words.
Sigmund flickers and vanishes!
Deactivating autopickup; reactivate with Ctrl-A.
Enter note:
974 ||| RETREEEEATING.
You shoot an arrow.
The arrow hits the gnoll but does no damage.
The gnoll is almost dead.
You shoot an arrow. The arrow hits the gnoll!
You kill the gnoll!
You have reached level 4!
You feel clever.
You shoot an arrow. Something completely misses you.
You shoot an arrow. The arrow hits the gnoll.
The gnoll is moderately wounded.
Something hits you!
You shoot an arrow.
The arrow hits the gnoll but does no damage.
Something hits you!
You shoot an arrow. The arrow barely misses the gnoll.
The arrow hits the gnoll!
The gnoll is almost dead.
The gnoll barely misses you. x2
You shoot an arrow. The arrow closely misses the gnoll.
The arrow hits the gnoll.
You kill the gnoll!
Something hits you!
You die...

#.... .....# g...
#.#..####### # ...
##..........# #.#.#
#............
#.#.####.#.#.##>##.#
#..).........##.##.#
#{g..)..#.....##.#
#g###.....######.#
#@# #..#.#######.#
#.# #............#
#.###.##.##.######
#.#...##.##.#
#.#%###...#.#
#...###...#.#
###.#.......###
#............####
#...............#


You could see 2 gnolls.

Vanquished Creatures
  2 gnolls (D:2)
  3 adders (D:2)
  A dart slug (D:1)
  3 ball pythons
  A bat (D:1)
  An endoplasm (D:1)
  2 giant cockroaches (D:1)
  2 goblins
  2 hobgoblins (D:1)
  4 jackals (D:2)
  3 kobolds (D:1)
  3 quokkas (D:1)
  5 frilled lizards
  4 rats
36 creatures vanquished.

Notes
Turn   | Place    | Note
-------+----------+-------------------------------------------
     0 | D:1      | qw the Deep Elf Hunter began the quest for the Orb.
     0 | D:1      | Reached XP level 1. HP: 12/12 MP: 3/3
     0 | D:1      | 0 ||| qw: Version: 0.3-a-157-g843a77d
     0 | D:1      | 0 ||| qw: Game counter: 3661
     0 | D:1      | 0 ||| qw: Melee chars always use a shield: true
     0 | D:1      | 0 ||| qw: God list: Okawaru
     0 | D:1      | 0 ||| qw: Allow faded altars: false
     0 | D:1      | 0 ||| qw: Do Orc after clearing Dungeon:15 true
     0 | D:1      | 0 ||| qw: Do second Lair branch before Depths: true
     0 | D:1      | 0 ||| qw: Lair rune preference: random
     0 | D:1      | 0 ||| qw: Goals: Normal
     0 | D:1      | 0 ||| PLANNING D:1-11
   218 | D:1      | Reached skill level 6 in Ranged Weapons
   218 | D:1      | Reached XP level 2. HP: 16/16 MP: 4/4
   645 | D:1      | 645 ||| READING scroll labelled CERGHI LUORONIT.
   645 | D:1      | 645 ||| ENCHANTING +0 shortbow.
   646 | D:1      | 646 ||| READING 2 scrolls labelled DYULEXU WOTHA.
   646 | D:1      | 646 ||| IDENTIFYING 2 bubbling inky potions
   647 | D:1      | 647 ||| READING scroll of identify.
   647 | D:1      | 647 ||| IDENTIFYING scroll labelled ZOADWO JEBEEM
   648 | D:1      | 648 ||| READING scroll labelled GUAMPOENABB.
   649 | D:1      | 649 ||| DROPPING scroll of butterflies.
   650 | D:1      | 650 ||| DROPPING scroll of noise.
   751 | D:2      | Reached XP level 3. HP: 20/20 MP: 5/5
   875 | D:2      | Reached skill level 7 in Ranged Weapons
   968 | D:2      | Noticed Sigmund
   969 | D:2      | 969 ||| RETREEEEATING.
   974 | D:2      | 974 ||| RETREEEEATING.
   977 | D:2      | Reached XP level 4. HP: 21/25 MP: 6/6
   979 | D:2      | HP: 5/25 [something (9)]
   981 | D:2      | Slain by Sigmund

Levels and vault maps discovered:
D:1:      minmay_arrival_solitary_statue, layout_loops_ring
D:2:      layout_loops_ring, basic_altar, hangedman_feature_mirror, nrook_uturn,
          uniq_sigmund, uniq_crazy_yiuf_cottage

Skill      XL: |  1  2  3 |
---------------+----------+-----
Ranged Weapons | 6 7 |  7.5
Fighting       | |  1.5
Dodging        | |  2.4
Stealth        | |  1.2

Action                     |  1- 3 |  4- 6 || total
---------------------------+-------+-------++-------
   Fire: Shortbow          |   105 |     5 ||   110
    Use: Scroll            |     4 |       ||     4
 Armour: Leather armour    |    34 |     3 ||    37
  Dodge: Dodged            |    37 |     3 ||    40

Table legend:
 A = Non-vault XP
 B = Vault XP
 C = Vault XP percentage of total XP
 D = Non-vault monster count
 E = Vault monster count
 F = Vault count percentage of total count
                 A         B        C        D         E       F
            +---------+---------+-------+---------+---------+-------
      Total |     118 |       2 |   1.7 |      35 |       1 |   2.8
            +---------+---------+-------+---------+---------+-------
        D:1 |      37 |       0 |   0.0 |      22 |       0 |   0.0
        D:2 |      81 |       2 |   2.4 |      13 |       1 |   7.1
            +---------+---------+-------+---------+---------+-------
